AoeStats
← 恆浪蕩

Arena

506798092Analyzed
4v4 RM · 16d ago on Sep 15, 2026· 57m 33s· 8 players
Game mode
Random Map
Map size
Large (8 player)
Population
200
Speed
Normal
Resources
Standard
Victory
Conquest
Starting age
Dark Age
Ending age
Imperial Age
RankedLock teamsTeams togetherTeam positionsShared explorationLock speedFull tech treeHidden civsTurbo modeCheats
Victory
Defeat
🇹🇼 Slavs · Taiwan
1694
+8
🇭🇰 Bohemians · Hong Kong SAR China
1623
+10
🇦🇷 Aztecs · Argentina
1606
+11
🇹🇼 Chinese · Taiwan
1603
+11
🇻🇳 Persians · Vietnam
1545
-11
🇦🇺 Wu · Australia
1517
-11
🇦🇺 Goths · Australia
1510
-11
🇺🇸 Bulgarians · United States
1409
-7
kkrieger5718
10:33 Feudal Age
14:37 Castle Age
12:34 Double-Bit Axe
12:53 Horse Collar
15:35 Bow Saw
20:35 Wheelbarrow
23:07 Hand Cart
23:26 Heavy Plow
23:51 Loom
24:25 Gold Mining
25:38 Loom
26:06 Town Watch
26:37 Forging
29:10 Imperial Age
27:16 Gold Shaft Mining
26:32 Stone Mining
28:03 Stone Shaft Mining
27:40 Masonry
28:08 Iron Casting
27:37 Scale Mail Armor
27:50 Scale Barding Armor
28:41 Town Patrol
29:05 Chain Barding Armor
28:41 Fletching
29:28 Heavy Scorpion
30:59 Plate Barding Armor
31:25 Blast Furnace
31:22 Siege Engineers
30:44 Light Cavalry
31:34 Bloodlines
31:25 Husbandry
31:22 Stirrups
31:48 Conscription
33:50 Architecture
34:22 Chemistry
37:38 Cavalier
38:20 Onager
41:48 Capped Ram
49:12 Squires
48:57 Arson
49:01 Gambesons
50:07 Scale Mail Armor
doggenoside12
9:15 Loom
11:23 Feudal Age
14:56 Castle Age
12:53 Double-Bit Axe
14:36 Horse Collar
15:47 Bow Saw
18:27 Fletching
20:29 Bodkin Arrow
27:49 Imperial Age
25:55 Padded Archer Armor
26:04 Stone Mining
26:13 Gold Mining
32:01 Bracer
33:31 Ballistics
36:26 Elite Fire Archer
39:15 Chemistry
49:29 Red Cliffs Tactics
50:49 Chemistry
50:06 Masonry
50:31 Pikeman
51:11 Squires
50:32 Man-at-Arms
50:57 Arson
51:35 Leather Archer Armor
51:20 Scale Mail Armor
51:31 Forging
52:31 Coinage
53:48 Conscription
53:07 Long Swordsman
54:03 Two-Handed Swordsman
55:09 Champion
57:13 Chain Mail Armor
57:33 Iron Casting
Grillipop
10:07 Feudal Age
14:10 Castle Age
12:25 Double-Bit Axe
12:53 Horse Collar
15:59 Bow Saw
16:39 Heavy Plow
21:08 Wheelbarrow
22:16 Hand Cart
22:06 Gold Mining
23:18 Stone Mining
27:49 Imperial Age
25:30 Scale Mail Armor
25:44 Forging
25:56 Town Watch
25:58 Loom
27:01 Chain Mail Armor
27:22 Iron Casting
27:16 Squires
26:41 Man-at-Arms
27:22 Long Swordsman
28:02 Two-Handed Swordsman
30:22 Blast Furnace
30:35 Perfusion
30:21 Champion
34:26 Crop Rotation
34:58 Two-Man Saw
35:57 Town Patrol
35:52 Fletching
37:11 Conscription
38:08 Chemistry
40:54 Two-Man Saw
40:27 Crop Rotation
42:02 Masonry
42:15 Ballistics
47:16 Sappers
49:40 Pikeman
52:33 Architecture
53:42 Stone Shaft Mining
53:15 Bodkin Arrow
55:09 Caravan
56:26 Bracer
This is Kawaii
10:30 Feudal Age
14:04 Castle Age
12:24 Double-Bit Axe
12:50 Horse Collar
15:26 Bow Saw
22:56 Wheelbarrow
22:57 Heavy Plow
28:34 Imperial Age
26:09 Gold Mining
26:15 Loom
26:46 Hand Cart
26:47 Padded Archer Armor
27:58 Leather Archer Armor
27:56 Masonry
29:01 Gold Shaft Mining
29:55 Chemistry
29:53 Ring Archer Armor
30:12 Crop Rotation
30:41 Fletching
32:40 Coinage
35:21 Banking
39:17 Bodkin Arrow
40:56 Scale Barding Armor
41:02 Forging
41:15 Bloodlines
41:06 Husbandry
43:54 Light Cavalry
46:27 Chain Barding Armor
46:42 Iron Casting
47:54 Plate Barding Armor
49:00 Kamandaran
50:59 Crossbowman
52:15 Ballistics
54:43 Hussar
默默默默默
10:52 Feudal Age
14:58 Castle Age
12:52 Double-Bit Axe
12:50 Horse Collar
16:09 Bow Saw
16:06 Heavy Plow
19:33 Loom
20:28 Wheelbarrow
22:33 Hand Cart
25:53 Scale Mail Armor
26:03 Forging
28:32 Imperial Age
25:58 Stone Mining
25:59 Gold Mining
26:49 Sanctity
26:45 Town Watch
27:27 Chain Mail Armor
28:00 Stone Shaft Mining
28:38 Iron Casting
29:47 Plate Mail Armor
28:41 Capped Ram
29:25 Elite Jaguar Warrior
30:27 Conscription
30:21 Squires
31:36 Blast Furnace
31:12 Siege Ram
34:49 Block Printing
34:19 Treadmill Crane
35:34 Redemption
38:46 Gold Shaft Mining
38:52 Siege Engineers
38:52 Fletching
41:54 Bodkin Arrow
43:49 Ballistics
44:19 Bracer
44:52 Garland Wars
44:23 Man-at-Arms
44:49 Gambesons
45:05 Long Swordsman
46:36 Garland Wars
46:38 Fortified Wall
47:31 Chemistry
46:06 Two-Handed Swordsman
47:15 Champion
48:51 Padded Archer Armor
49:06 Atlatl
49:06 Elite Skirmisher
50:07 Leather Archer Armor
53:38 Caravan
Emily001
10:32 Feudal Age
14:16 Castle Age
12:15 Horse Collar
14:47 Double-Bit Axe
18:08 Wheelbarrow
22:17 Heavy Plow
22:58 Loom
23:33 Gold Mining
28:08 Imperial Age
26:06 Scale Mail Armor
26:16 Forging
26:13 Town Watch
27:25 Hand Cart
26:33 Pikeman
27:13 Squires
27:54 Chain Mail Armor
28:15 Iron Casting
28:12 Halberdier
28:23 Man-at-Arms
28:27 Capped Ram
28:45 Halberdier
29:58 Plate Mail Armor
29:38 Scale Barding Armor
30:21 Plate Mail Armor
30:52 Blast Furnace
29:56 Siege Ram
31:41 Druzhina
32:58 Chain Barding Armor
33:12 Conscription
34:00 Long Swordsman
34:56 Bloodlines
34:47 Husbandry
34:09 Light Cavalry
35:46 Plate Barding Armor
35:17 Two-Handed Swordsman
35:20 Hussar
37:05 Champion
39:47 Detinets
45:01 Coinage
45:14 Stone Mining
46:00 Gold Shaft Mining
48:19 Bow Saw
51:44 Banking
Sean
10:35 Feudal Age
14:09 Castle Age
11:56 Double-Bit Axe
12:19 Horse Collar
15:05 Bow Saw
14:57 Heavy Plow
16:33 Loom
28:03 Imperial Age
26:48 Padded Archer Armor
27:46 Ballistics
28:29 Chemistry
28:14 Elite Skirmisher
28:48 Fletching
48:14 Leather Archer Armor
50:42 Capped Ram
54:18 Houfnice
55:55 Ring Archer Armor
恆浪蕩
0:26 Loom
11:01 Feudal Age
12:03 Double-Bit Axe
14:33 Castle Age
12:45 Horse Collar
15:50 Bow Saw
15:59 Heavy Plow
17:21 Gold Mining
23:39 Wheelbarrow
27:30 Imperial Age
25:29 Fletching
26:28 Ballistics
26:14 Thumb Ring
27:09 Gold Shaft Mining
27:00 Bodkin Arrow
27:10 Stone Mining
28:35 Hand Cart
28:09 Town Watch
29:45 Two-Man Saw
29:52 Bracer
30:18 Elite Chu Ko Nu
31:30 Conscription
32:22 Chemistry
31:51 Padded Archer Armor
31:48 Murder Holes
32:04 Fortified Wall
32:31 Scale Mail Armor
33:29 Leather Archer Armor
33:26 Masonry
34:32 Great Wall
35:21 Ring Archer Armor
35:07 Chain Mail Armor
35:05 Caravan
36:00 Forging
36:21 Architecture
36:13 Bombard Tower
36:03 Elite Skirmisher
38:06 Plate Mail Armor
37:02 Pikeman
37:42 Squires
37:29 Arson
39:53 Iron Casting
38:39 Halberdier
39:50 Town Patrol
41:27 Coinage
42:35 Banking
45:51 Blast Furnace
Connection lost

Rejoining the realm…

Still unreachable

The connection could not be restored.

Session expired

The server has moved on; the page needs a fresh start.